 Dungeon Crawl Stone Soup version 0.18.1-8-gdd0e5ea (webtiles) character file.

4137 pithlit the Fighter (level 10, -7/90 HPs)
             Began as a Hill Orc Fighter on May 31, 2016.
             Was a Priest of Beogh.
             Killed by divine providence
             ... invoked by an orc priest
              (13 damage)
             ... on level 11 of the Dungeon.
             The game lasted 00:49:52 (8930 turns).

pithlit the Fighter (Hill Orc Fighter)              Turns: 8930, Time: 00:49:52

Health: -7/90      AC: 16    Str: 23    XL:     10   Next: 27%
Magic:  10/10      EV:  5    Int:  8    God:    Beogh [***...]
Gold:   405        SH: 12    Dex: 10    Spells: 0 memorised, 9 levels left

rFire  + + .     SeeInvis .     a - +5 long sword of Rouduor {venom, rF+}
rCold  . . .     Gourm    .     m - +0 plate armour
rNeg   . . .     Faith    .     c - +0 shield
rPois  .         Spirit   .     (no helmet)
rElec  .         Dismiss  .     (no cloak)
rCorr  .         Reflect  .     D - +0 pair of gloves
SustAt .         Harm     .     (no boots)
MR     .....                    (no amulet)
Stlth  ..........               z - ring of stealth
                                j - ring of protection from fire

@: not resistant to hostile enchantments, extremely unstealthy
A: no striking features
a: Smiting, Renounce Religion


You were on level 11 of the Dungeon.
You worshipped Beogh.
Beogh was most pleased with you.
You were very hungry.

You visited 1 branch of the dungeon, and saw 11 of its levels.
You also visited: Sewer.

You collected 405 gold pieces.

Inventory:

Hand Weapons
 a - the +5 long sword of Rouduor (weapon) {venom, rF+}
   (You found it in a sewer)

   It poisons the flesh of those it strikes.
   It protects you from fire.
 b - a +0 hunting sling
 d - the +1 long sword "Waba" {freeze, rPois rC+ Dex-2}
   (You found it on level 5 of the Dungeon)

   It has been specially enchanted to freeze those struck by it, causing extra
   injury to most foes and up to half again as much damage against particularly
   susceptible opponents.
   It can also slow down cold-blooded creatures.
   It affects your dexterity (-2).
   It protects you from cold.
   It protects you from poison.
 g - a +1 falchion of holy wrath
 h - a +0 war axe
Missiles
 o - 19 sling bullets
 u - 4 javelins (quivered)
 y - 4 tomahawks
Armour
 c - a +0 shield (worn)
 m - a +0 plate armour (worn)
 D - a +0 pair of gloves (worn)
Jewellery
 j - a ring of protection from fire (left hand)
 z - a ring of stealth (right hand)
Wands
 s - a wand of paralysis (15/24)
 E - a wand of confusion (26/48)
 H - a wand of iceblast (3/15)
 I - a wand of polymorph (11/24)
 K - a wand of teleportation (2/9)
 N - a wand of flame (9/48)
 O - a wand of iceblast (9/15)
Scrolls
 k - 2 scrolls of identify
 l - a scroll of teleportation {unknown}
 n - 2 scrolls of fear
 p - a scroll of random uselessness
 q - 2 scrolls of recharging
 t - a scroll of enchant weapon {unknown}
 B - 2 scrolls of remove curse
 C - a scroll of immolation
 F - a scroll of magic mapping
 G - a scroll of fog
Potions
 e - 2 potions of agility
 r - 2 potions of resistance
 v - a potion of curing
 x - a potion of haste
 A - a potion of cancellation {unknown}
 L - a potion of degeneration {unknown}
 P - a potion of ambrosia {unknown}
Comestibles
 f - 5 bread rations
 i - 2 meat rations
 M - a beef jerky


   Skills:
 * Level 8.5 Fighting
 + Level 6.9 Long Blades
 - Level 4.5 Axes
 + Level 5.9 Slings
 + Level 7.8 Armour
 + Level 7.4 Shields


You had 9 spell levels left.
You didn't know any spells.

Dungeon Overview and Level Annotations

Branches:
Dungeon (11/15)            Temple (0/1) D:5             Orc (0/2) D:9
   Lair: D:8-11

Altars:
Ashenzari
Cheibriados
Dithmenos
Makhleb
Okawaru
Pakellas
Qazlal
Sif Muna
Trog
Vehumet
Yredelemnul
Zin
The Shining One

Shops:
D:4 (   D:9 :

Annotations:
D:10 Erica


Message History

Press: ? - help, Shift-Dir - straight line, f - warg
Aim: a warg The mass of ice explodes!
The iceblast engulfs the warg.
The warg is moderately wounded.
The iceblast engulfs the warg.
The warg is almost dead.
This wand has 3 charges left.
You block the warg's attack. The warg barely misses you.
Your plate armour prevents you from hitting the warg.
The warg is moderately wounded.
The warg barely misses you. You block the warg's attack.
The orc priest calls down the wrath of Beogh upon you.
Beogh smites you!
* * * LOW HITPOINT WARNING * * *
You block the warg's attack. You block the warg's attack.
The orc priest mumbles some strange prayers to Beogh against you.
Beogh smites you!
You die...
Beogh appreciates the orc priest's killing of a heretic priest.

#.h.o..# ## ######.##### .#
#ooh..# #####.####
#########'## #........#
#..........# #........#
#....o.....# #........#
#....o.....# #........#
####))h.......#
##........###.>:@h........#
##........#...##..........#
............###############
##........### ##########


You could see 2 wargs, an orc priest and an orc.

Vanquished Creatures
  Prince Ribbit (D:7)
  Sigmund (D:5)
  3 yaks (D:8)
  A hippogriff (D:6)
  The ghost of Leafly the Shield-Bearer, an amateur FoFi (Sewer)
  A warg (D:11)
  Menkaure (D:5)
  A black bear (D:9)
  An orc warrior (D:11)
  A phantom (D:4)
  4 ice beasts
  3 ogres
  10 giant frogs
  2 gnoll sergeants
  3 scorpions
  3 crimson imps
  A centaur zombie (D:9)
  A centaur skeleton (D:4)
  3 hounds
  3 orc priests
  A giant frog skeleton (D:9)
  A gnoll shaman (D:7)
  A jelly (D:6)
  An iguana (D:7)
  6 orc wizards
  4 worker ants
  A hound skeleton (D:5)
  A worker ant zombie (D:8)
  8 adders
  16 gnolls
  An ooze (D:1)
  An adder zombie (D:10)
  A worm (D:3)
  4 dart slugs
  4 giant geckos
  18 orcs
  3 bats (D:2)
  8 giant cockroaches
  8 goblins
  12 hobgoblins
  3 jackals (D:6)
  7 kobolds
  A quokka (D:7)
  4 ball pythons
  8 giant newts
  A quokka skeleton (D:6)
  9 rats
178 creatures vanquished.

Notes
Turn   | Place    | Note
--------------------------------------------------------------
     0 | D:1      | pithlit the Hill Orc Fighter began the quest for the Orb.
     0 | D:1      | Reached XP level 1. HP: 19/19 MP: 1/1
   143 | D:1      | Reached XP level 2. HP: 26/26 MP: 2/2
   286 | D:1      | Reached XP level 3. HP: 28/33 MP: 3/3
   292 | D:1      | Reached skill level 4 in Fighting
   403 | D:1      | Found a shattered altar of Ashenzari.
  1014 | D:2      | Reached XP level 4. HP: 41/41 MP: 4/4
  1175 | D:2      | Found a glowing golden altar of the Shining One.
  1299 | D:2      | Found a burning altar of Makhleb.
  1299 | D:2      | Noticed an Executioner
  1302 | D:2      | Noticed a ynoxinul
  1302 | D:2      | Noticed a hellwing
  1605 | D:3      | Found a stormy altar of Qazlal.
  1607 | D:3      | Noticed a fire elemental
  1608 | D:3      | Noticed a water elemental
  1608 | D:3      | Noticed an earth elemental
  1608 | D:3      | Noticed an air elemental
  1911 | D:3      | Found a glowing drain.
  1918 | Sewer    | Entered a sewer
  1928 | Sewer    | Noticed Leafly's ghost (amateur FoFi)
  1940 | Sewer    | HP: 2/41 [Leafly's ghost (4)]
  1947 | Sewer    | Gained mutation: Your magical capacity is low (-10% MP). [potion of mutation]
  1947 | Sewer    | Gained mutation: You evolve. [potion of mutation]
  1947 | Sewer    | Gained mutation: You are covered in fur (AC +1). [potion of mutation]
  1956 | Sewer    | Killed Leafly's ghost
  1956 | Sewer    | Reached skill level 5 in Fighting
  1956 | Sewer    | Reached XP level 5. HP: 39/48 MP: 4/4
  2170 | Sewer    | Reached XP level 6. HP: 56/56 MP: 5/5
  2291 | Sewer    | Got an ancient long sword
  2304 | Sewer    | Identified the +5 long sword of Rouduor {venom, rF+} (You found it in a sewer)
  2689 | D:3      | Gained mutation: You are occasionally teleported next to monsters. [evolution]
  2689 | D:3      | Lost mutation: You evolve. [end of evolution]
  2725 | D:3      | Noticed an ice beast
  2733 | D:3      | Killed an ice beast
  2733 | D:3      | Reached skill level 5 in Armour
  2733 | D:3      | Reached skill level 5 in Shields
  2733 | D:3      | Reached XP level 7. HP: 20/62 MP: 6/6
  3124 | D:3      | Reached skill level 1 in Long Blades
  3382 | D:4      | Became a worshipper of Beogh the Brigand
  3431 | D:4      | Found Ogiug's Weapon Emporium.
  3517 | D:4      | Reached skill level 6 in Fighting
  3517 | D:4      | Reached skill level 1 in Slings
  3907 | D:4      | Found a snail-covered altar of Cheibriados.
  3998 | D:5      | Entered Level 5 of the Dungeon
  4075 | D:5      | Found a staircase to the Ecumenical Temple.
  4149 | D:5      | Noticed Sigmund
  4188 | D:5      | Killed Sigmund
  4188 | D:5      | Reached XP level 8. HP: 35/71 MP: 7/7
  4430 | D:5      | Found an oddly glowing altar of Pakellas.
  4433 | D:5      | Found a basalt altar of Yredelemnul.
  4436 | D:5      | Found a bloodstained altar of Trog.
  4454 | D:5      | Found a glowing silver altar of Zin.
  4468 | D:5      | Noticed Menkaure
  4478 | D:5      | Killed Menkaure
  4478 | D:5      | Reached * piety under Beogh
  4617 | D:5      | Got an ivory long sword
  4618 | D:5      | Identified the cursed +1 long sword "Waba" {freeze, rPois rC+ Dex-2} (You found it on level 5 of the Dungeon)
  5382 | D:7      | Reached skill level 7 in Fighting
  5382 | D:7      | Reached XP level 9. HP: 78/79 MP: 8/8
  5691 | D:7      | Noticed Prince Ribbit
  5700 | D:7      | Killed Prince Ribbit
  5814 | D:7      | Found a shadowy altar of Dithmenos.
  5814 | D:7      | Found an iron altar of Okawaru.
  5815 | D:7      | Found a radiant altar of Vehumet.
  5943 | D:7      | Reached skill level 5 in Long Blades
  5950 | D:7      | Reached ** piety under Beogh
  6454 | D:8      | Reached skill level 5 in Slings
  7385 | D:8      | Found a deep blue altar of Sif Muna.
  7871 | D:9      | Found Fedeqau's Book Shop.
  7913 | D:9      | Found a staircase to the Orcish Mines.
  7953 | D:9      | Reached skill level 8 in Fighting
  7953 | D:9      | Reached XP level 10. HP: 88/88 MP: 9/9
  8186 | D:10     | Entered Level 10 of the Dungeon
  8186 | D:10     | Noticed Erica
  8189 | D:10     | Lost mutation: You are occasionally teleported next to monsters. [potion of cure mutation]
  8189 | D:10     | Lost mutation: Your magical capacity is low (-10% MP). [potion of cure mutation]
  8189 | D:10     | Lost mutation: You are covered in fur (AC +1). [potion of cure mutation]
  8900 | D:11     | Reached *** piety under Beogh
  8930 | D:11     | Killed from afar by an orc priest

Skill      XL: |  1  2  3  4  5  6  7  8  9 |
---------------+----------------------------+-----
Axes           | 3 4 |  4.5
Fighting       | 4 5 6 7 8 |  8.5
Shields        | 4 5 6 7 |  7.4
Armour         | 4 5 6 7 |  7.8
Long Blades    | 2 4 6 |  6.9
Slings         | 2 4 5 |  5.9

Action                   |  1- 3 |  4- 6 |  7- 9 | 10-12 || total
-------------------------+-------+-------+-------+-------++-------
Melee: War axe           |   112 |   103 |       |       ||   215
       Long sword        |       |    12 |   235 |    77 ||   324
 Fire: Hunting sling     |       |       |   114 |    31 ||   145
Throw: Tomahawk          |       |       |    12 |       ||    12
       Javelin           |       |       |       |     1 ||     1
Invok: Convert to Beogh  |       |       |     1 |       ||     1
Evoke: Wand              |       |       |     2 |     3 ||     5
  Use: Potion            |       |     6 |     1 |     2 ||     9
       Scroll            |       |     3 |     8 |     1 ||    12
  Eat: Chunk             |     1 |     5 |    15 |     1 ||    22
       Beef jerky        |       |       |     1 |     1 ||     2
Armor: Scale mail        |    46 |    45 |    32 |       ||   123
       Skin              |       |     2 |       |       ||     2
       Plate armour      |       |       |    73 |    36 ||   109
Dodge: Dodged            |    26 |    40 |    43 |    21 ||   130
Block: Shield            |    49 |    64 |   131 |    50 ||   294
